 Dungeon Crawl Stone Soup version 0.23.1 (webtiles) character file.

Game seed: 2157256696857967493

47 Borgoz the Sneak (level 3, -10/26 HPs)
             Began as a Ghoul Enchanter on Mar 14, 2019.
             Engulfed by a cloud of flame (17 damage)
             ... on level 2 of the Dungeon.
             The game lasted 00:02:05 (1152 turns).

Borgoz the Sneak (Ghoul Enchanter)                  Turns: 1152, Time: 00:02:06

Health: -10/26     AC:  2    Str: 10 (11) XL:     3   Next: 70%
Magic:  4/4        EV: 12    Int:  8 (10) God:
Gold:   28         SH:  0    Dex:  7 (10) Spells: 4/5 levels left

rFire    . . .     SeeInvis .   a - +1 dagger
rCold    + . .     Gourm    .   (no shield)
rNeg     + + +     Faith    .   b - +0 robe
rPois    ∞         Spirit   .   (no helmet)
rElec    .         Reflect  .   (no cloak)
rCorr    .         Harm     .   (no gloves)
MR       .....                  (no boots)
Stlth    ++........             (no amulet)
HPRegen  0.00/turn              (no ring)
MPRegen  0.09/turn              (no ring)

@: rotting
A: rotting body, claws 1, carnivore, cold resistance 1, negative energy
resistance 3, inhibited regeneration, torment resistance, unbreathing
a: no special abilities


You were on level 2 of the Dungeon.
You were not hungry.

You visited 1 branch of the dungeon, and saw 2 of its levels.

You collected 28 gold pieces.

Inventory:

Hand Weapons
 a - a +1 dagger (weapon)
Missiles
 i - a throwing net (quivered)
Armour
 b - a +0 robe (worn)
Scrolls
 e - a scroll of immolation
 j - a scroll of remove curse
Comestibles
 d - 2 rations


   Skills:
 * Level 2.2 Short Blades
 + Level 1.2 Armour
 + Level 2.3 Dodging
 - Level 3.2 Stealth
 - Level 1.7 Spellcasting
 - Level 2.4 Hexes


You had 4 spell levels left.
You knew the following spells:

 Your Spells              Type           Power        Failure   Level  Hunger
a - Corona                Hex            #......      14%         1    ##.....

Your spell library contained the following spells:

 Spells                   Type           Power        Failure   Level  Hunger
 Ensorcelled Hibernation  Hex/Ice        #.....       34%         2    ###....
 Confuse                  Hex            #.......     38%         3    ####...
 Tukima's Dance           Hex            #.......     38%         3    ####...
 Dazzling Spray           Conj/Hex       #.....       56%         3    ####...


Dungeon Overview and Level Annotations

Branches:
Dungeon (2/15)

Altars:


Innate Abilities, Weirdness & Mutations

Your body is rotting away.
You thrive on raw meat.
You are immune to poison.
You have sharp fingernails.
You are carnivorous and can eat meat at any time.
Your flesh is cold resistant. (rC+)
You are immune to negative energy. (rN+++)
You do not regenerate when monsters are visible.
You are immune to unholy pain and torment.
You can survive without breathing.


Message History

You barely miss the worker ant.
The worker ant is heavily wounded.
The jackal closely misses you. The worker ant misses you.
You hit the worker ant.
The worker ant is severely wounded.
The jackal barely misses you. The worker ant bites you!
The jackal barely misses you.
You closely miss the worker ant.
The worker ant is severely wounded.
The jackal bites you but does no damage.
The worker ant barely misses you.
You hit the worker ant.
The worker ant explodes!
The fiery explosion engulfs you!
* * * LOW HITPOINT WARNING * * *
Your Short Blades skill increases to level 2!
Your Armour skill increases to level 1!
You are engulfed in blazing flames.
Ouch! That really hurt!
You die...

....# ....# #####.l..# #.
#........# .. ..#.# #.##.....
... #.#.#♣ #.##...#
♣PP..##.#.#♣.♣###.##...#
♣♣♣PP#....#...§.@hlg##...#...
♣...#.......#######rw.........
.P..............###...........
P.............#...'...........
............#.#####...........
...........#.# ......>.....
.####.......#.# #.#######....
.......<.#'##.# .. ....
##########.##.# #.. ..


You could see a worm (inner flame), a leopard gecko (inner flame), a jackal
(inner flame), a hobgoblin (inner flame) and a rat (inner flame).

Vanquished Creatures
  A worker ant (D:2)
  A leopard gecko (D:1)
  2 giant cockroaches (D:1)
  2 goblins (D:1)
  2 hobgoblins (D:1)
  3 jackals
  2 kobolds (D:1)
  4 bats (D:1)
  6 rats
23 creatures vanquished.

Notes
Turn   | Place    | Note
-------+----------+-------------------------------------------
     0 | D:1      | Borgoz the Ghoul Enchanter began the quest for the Orb.
     0 | D:1      | Reached XP level 1. HP: 14/14 MP: 2/2
     4 | D:1      | Reached skill level 1 in Short Blades
   224 | D:1      | Reached XP level 2. HP: 20/20 MP: 3/3
   935 | D:1      | Reached XP level 3. HP: 11/26 MP: 4/4
  1144 | D:2      | HP: 1/26 [jackal (2)]
  1152 | D:2      | Reached skill level 1 in Armour
  1152 | D:2      | Engulfed by a cloud of flame

Skill      XL: |  1  2  3 |
---------------+----------+-----
Short Blades   | 1 2 |  2.2
Dodging        | 2 |  2.3
Armour         | 1 |  1.2
Stealth        | |  3.2
Spellcasting   | |  1.7
Hexes          | |  2.4

Action                   || total
-------------------------++-------
Melee: Dagger            ||    97
 Cast: Corona            ||     2
  Use: Potion            ||     4
       Scroll            ||     2
 Stab: Sleeping          ||     6
  Eat: Chunk             ||    11
Armor: Robe              ||    21
Dodge: Dodged            ||   102
